Map: Mist Opportunities

Players

Боцила

  • Race: Terran Terran

RainingBlood

  • Race: Zerg Zerg

VOD

Have the link to the VOD?

Description

Time

  • Played on: April 6, 2021, 7:44 a.m.
  • Length: 30:08
Show
View Real Time Build Order
Export as new Build Order

Боцила Terran 

Build Orders:  

Get SALT Encoding   

  12  0:04  SCV  
  13  0:21  SCV  
  14  0:38  SCV  
  15  0:49  Gunslingers Hideout  
  15  0:55  SCV  
  16  1:11  SCV  
  17  1:23  Refinery  
  17  1:24  Refinery  
  17  1:28  SCV  
  18  1:45  SCV  
  19  2:02  SCV  
  20  2:19  SCV  
  21  2:36  SCV  
  21  2:38  Engineering Bay  
  22  2:53  SCV  
  23  3:01  Tychus, Unknown  
  23  3:10  SCV  
  23  3:14  Engineering Bay  
  23  3:17  James Sirius Sykes  
  23  3:18  Unknown  
  34  3:27  SCV  
  35  3:44  SCV  
  36  3:53  Outlaw Weapons Level 1  
  36  3:54  Outlaw Life and Armor Level 1  
  36  4:01  SCV  
  37  4:17  Muscle Armory  
  37  4:21  SCV  
  38  4:38  SCV  
  39  4:48  Fixers Safehouse  
  39  4:55  SCV  
  40  5:12  SCV  
  40  5:29  SCV  
  41  5:37  Command Center  
  41  5:49  SCV  
  42  6:06  SCV  
  43  6:23  SCV  
  44  6:31  Outlaw Weapons Level 2, Outlaw Life and Armor Level 2  
  44  6:40  SCV  
  45  6:57  SCV  
  46  7:14  SCV  
  47  7:22  Refinery  
  47  7:31  SCV  
  47  7:38  Medivac Platform  
  47  7:39  SCV  
  49  7:42  Medivac Platform  
  49  7:45  Medivac Platform  
  49  7:48  SCV  
  50  7:55  SCV  
  50  7:58  Refinery  
  51  8:05  SCV  
  52  8:12  SCV  
  53  8:21  SCV  
  53  8:29  SCV  
  55  8:38  SCV  
  56  8:43  Nux, Unknown  
  56  8:46  SCV  
  67  9:30  Outlaw Weapons Level 3  
  67  10:39  SCV  
  68  10:45  Outlaw Life and Armor Level 3  
  68  11:11  Unknown, Vega  
  78  11:23  Kel-Morian Ripper Rounds  
  78  12:10  ITC-E Triggers  
  78  12:27  Vanadium Shell  
  78  13:25  Endurance Supplements  
  78  13:40  Flashforce GDM Visor  
  78  14:55  Outlaw Weapons Level 4, KD9a Implosion Core  
  78  14:56  D99 Detonator  
  78  15:10  Outlaw Life and Armor Level 4  
  77  16:50  Crooked Sam, Unknown  
  77  16:58  Moebius M34 Terror Rounds, SA-55 Thunderbolt Missiles  
  87  17:41  Crystalline Amplifiers, Ultrasonic Boosters  
  87  17:45  T4 Cloudburst Shells  
  87  18:10  Big Red Button  
  87  19:15  Outlaw Weapons Level 5  
  87  21:56  Outlaw Life and Armor Level 5  
  87  21:58  Moebius Psionic Motivator  
  87  21:59  Neural Disruption Device, Psi Projector  
  87  22:35  Moebius Restraint Matrix, LarsCorp G7 Charges  
  87  22:36  Procyon Shade Suit  
Show
View Real Time Build Order
Export as new Build Order

RainingBlood Zerg 

Build Orders:  

Get SALT Encoding   

  18  0:06  Primal Drone  
  19  0:19  Primal Drone x2  
  21  0:38  Primal Drone  
  21  0:39  Primal Drone  
  23  0:46  Extractor  
  23  0:49  Primal Drone  
  24  1:04  Unknown  
  24  1:05  Primal Warden  
  25  1:22  Primal Drone  
  25  1:23  Primal Drone  
  27  1:42  Primal Drone  
  27  1:43  Extractor  
  28  2:24  Primal Drone  
  28  2:25  Primal Drone  
  30  2:31  Primal Zergling  
  30  2:32  Primal Zergling  
  30  2:34  Primal Drone  
  30  2:35  Glevig's Den  
  32  2:53  Primal Drone  
  32  2:56  Primal Zergling x2  
  36  3:02  Primal Warden  
  36  3:08  Primal Drone  
  37  3:48  Primal Hive  
  37  3:49  Primal Zergling  
  43  3:50  Primal Drone  
  44  4:23  Ravasaur x2  
  44  4:25  Primal Zergling  
  45  4:30  Primal Drone  
  45  4:32  Primal Drone x2  
  45  4:37  Murvar's Den  
  47  5:04  Ravasaur  
  47  5:14  Primal Hydralisk  
  47  5:15  Primal Hydralisk x3  
  47  5:16  Primal Drone  
  56  5:31  Primal Drone  
  56  5:33  Primal Drone x2  
  56  5:34  Primal Drone  
  60  6:26  Primal Drone x3  
  60  6:27  Extractor  
  60  6:28  Primal Attacks Level 1  
  63  6:30  Extractor  
  63  6:32  Primal Drone x2  
  63  6:33  Primal Hydralisk x3  
  71  6:44  Primal Reconstitution  
  71  7:03  Dakrun's Den  
  70  7:37  Primal Drone x2  
  70  7:38  Primal Drone  
  74  7:41  Primal Drone  
  74  7:44  Primal Wurm  
  74  7:46  Primal Wurm  
  76  7:54  Primal Hydralisk  
  76  7:59  Muscular Augments  
  78  8:01  Primal Mutalisk x2  
  78  8:02  Primal Mutalisk  
  78  8:07  Primal Drone  
  78  8:08  Primal Drone  
  77  8:35  Primal Hydralisk  
  77  8:36  Primal Hydralisk x4  
  87  8:47  Primal Carapace Level 1  
  87  9:04  Primal Hydralisk x3  
  87  9:07  Primal Drone  
  94  9:19  Unknown x2  
  94  9:26  Slicing Glave  
  94  10:03  Primal Mutalisk  
  94  10:04  Primal Mutalisk x2  
  94  10:05  Primal Mutalisk x2  
  89  10:36  Primal Drone  
  89  10:37  Primal Drone x4  
  89  10:38  Primal Attacks Level 2  
  94  10:48  Primal Hydralisk x6  
  94  10:49  Primal Hydralisk x4  
  114  11:32  Primal Hydralisk x4  
  122  11:50  Primal Hydralisk  
  122  11:51  Primal Hydralisk  
  122  11:52  Primal Hydralisk  
  122  11:54  Primal Hydralisk  
  122  11:55  Shifting Carapace  
  128  12:14  Primal Drone x2  
  128  12:15  Primal Drone x3  
  128  12:16  Primal Carapace Level 2  
  128  12:18  Primal Mutalisk  
  132  12:34  Primal Drone  
  133  13:00  Primal Mutalisk  
  133  13:01  Primal Mutalisk x6  
  133  13:02  Primal Mutalisk  
  119  13:34  Primal Hydralisk x3  
  119  13:35  Primal Hydralisk x5  
  135  13:45  Primal Drone  
  135  13:46  Primal Drone x4  
  140  14:14  Primal Attacks Level 3  
  140  14:18  Primal Hydralisk  
  142  14:22  Primal Drone  
  142  14:23  Primal Drone x4  
  151  14:54  Primal Mutalisk x3  
  151  14:55  Primal Mutalisk  
  147  15:06  Primal Wurm  
  147  15:08  Primal Wurm  
  147  15:10  Primal Wurm  
  147  15:11  Primal Drone  
  147  15:12  Primal Drone x2  
  147  15:14  Primal Wurm  
  152  15:30  Unknown  
  152  15:55  Primal Wurm x2  
  152  16:03  Primal Hydralisk  
  152  16:04  Primal Hydralisk x8  
  152  16:05  Primal Hydralisk  
  172  16:35  Primal Mutalisk  
  172  16:36  Primal Mutalisk x3  
  172  16:37  Primal Mutalisk  
  170  17:21  Primal Carapace Level 3  
  170  17:32  Primal Hydralisk  
  170  17:33  Primal Wurm, Primal Hydralisk x9  
  190  17:48  Primal Wurm x2  
  190  18:06  Primal Mutalisk x3  
  190  18:07  Primal Mutalisk x2  
  191  18:59  Primal Drone x2  
  193  19:06  Primal Hydralisk  
  193  19:08  Primal Wurm, Primal Hydralisk x2  
  199  19:15  Primal Wurm  
  199  19:16  Primal Wurm  
  199  19:19  Primal Wurm x2  
  199  19:24  Primal Wurm  
  200  23:32  Primal Wurm  
  200  23:39  Primal Mutalisk x2  
  198  23:42  Primal Hydralisk  
  198  26:34  Primal Drone  
  198  26:35  Primal Drone x2  
  177  27:09  Primal Drone  
  178  27:10  Primal Drone x3  
  167  28:29  Primal Drone  
  168  28:30  Primal Drone x4  
Tags
 
Add a new tag
Caveats
  • Supply blocks, unpowered buildings, or Contaminate may cause inaccurate times.
  • Supply counts are checked every 10 seconds.